 Dungeon Crawl Stone Soup version 0.26.1-2-gb8aa6d0cf2 (webtiles) character file.

Game seed: 10066140523344310563

539 buriedalive the Conjurer (level 7, -13/36 HPs)
             Began as a Deep Elf Conjurer on Feb 10, 2021.
             Shot with an arrow by a centaur (15 damage)
             ... on level 5 of the Dungeon.
             The game lasted 00:08:42 (6120 turns).

buriedalive the Conjurer (Deep Elf Conjurer)        Turns: 6120, Time: 00:08:42

Health: -13/36     AC:  5    Str:  4    XL:     7   Next: 5%
Magic:  11/16      EV: 15    Int: 25    God:
Gold:   213        SH:  0    Dex: 13    Spells: 13/16 levels left

rFire    . . .     SeeInvis .   v - +2 short sword (drain)
rCold    . . .     Faith    .   (no shield)
rNeg     . . .     Spirit   .   a - +0 robe
rPois    +         Reflect  .   (no helmet)
rElec    .         Harm     .   p - +0 cloak
rCorr    .         Rampage  .   D - +0 pair of gloves
Will     .....                  k - +0 pair of boots
Stlth    ++........             (no amulet)
HPRegen  0.12/turn              E - ring of poison resistance
MPRegen  0.15/turn              (no ring)

@: no status effects
A: no striking features
a: no special abilities


You were on level 5 of the Dungeon.
You visited 1 branch of the dungeon, and saw 5 of its levels.

You collected 213 gold pieces.

Inventory:

Hand Weapons
 m - a +0 dagger
 u - a +0 dagger of protection
 v - a +2 short sword of draining (weapon)
Missiles
 e - 26 poisoned darts
 t - 6 boomerangs
Armour
 a - a +0 robe (worn)
 k - a +0 pair of boots (worn)
 p - a +0 cloak (worn)
 D - a +0 pair of gloves (worn)
Magical Staves
 y - an uncursed staff of poison
 C - an uncursed staff of conjuration {unknown}
Jewellery
 E - a ring of poison resistance (left hand)
Scrolls
 g - a scroll of enchant armour {unknown}
 h - 2 scrolls of fog {unknown}
 i - 2 scrolls of magic mapping {unknown}
 j - 4 scrolls of teleportation {unknown}
 l - 4 scrolls of remove curse {unknown}
 q - a scroll of random uselessness {unknown}
Potions
 b - a potion of ambrosia
 c - a potion of mutation
 d - a potion of haste
 n - a potion of magic
 o - 3 potions of curing
 r - a potion of brilliance
 s - a potion of might
 w - a potion of attraction
 x - a potion of heal wounds
 z - a potion of flight {unknown}
 A - a potion of resistance {unknown}
 B - a potion of berserk rage {unknown}


   Skills:
 + Level 6.2 Dodging
 - Level 2.4 Stealth
 - Level 5.0 Spellcasting
 + Level 6.9 Conjurations


You had 13 spell levels left.
You knew the following spells:

 Your Spells              Type           Power        Failure   Level
a - Magic Dart            Conj           100%         1%          1
b - Searing Ray           Conj           80%          1%          2

Your spell library contained the following spells:

 Spells                   Type           Power        Failure   Level
 Dazzling Flash           Conj/Hex       46%          6%          3
 Fulminant Prism          Conj/Hex       11%          21%         4
 Iskenderun's Mystic Bla  Conj/Tloc      23%          21%         4


Dungeon Overview and Level Annotations

Branches:
Dungeon (5/15)
 Temple: D:4-7

Altars:
Dithmenos
Elyvilon
Hepliaklqana
Okawaru
Ru
Sif Muna
Yredelemnul

Shops:
D:4 (**!


Message History

Press: ? - help, Shift-Dir - straight line, f - centaur
Aim: a centaur, wielding a +0 shortbow and quivering 16 arrows (11% to evade)
The searing ray hits the centaur.
The centaur is moderately wounded. (Press . to maintain the ray.)
The centaur shoots an arrow.
The arrow hits you!
The searing ray misses the centaur.
The centaur shoots an arrow.
The arrow hits you.
The centaur shoots an arrow.
The arrow hits you!
* * * LOW HITPOINT WARNING * * *
The searing ray hits the centaur!
The centaur is severely wounded.
You finish channeling your searing ray.
You start resting.
A centaur is nearby!
A centaur is nearby!
A centaur is nearby!
A centaur is nearby!
A centaur is nearby!
The centaur shoots an arrow.
The arrow hits you!
You die...

## ### .. .c# #...#
####.####.# #...#
#.......#.# #...## #
##.##@#.# . #....#.
.#...#(#.###.# .
#.....
...._.........# .
#...##
#.#...#$#c###.# .
#....# #.##.##.#.#
.##...# #.......#.#
......##.####.####.#
......##...........#
......#######.######.


You could see a centaur.

Vanquished Creatures
  2 scorpions
  A howler monkey (D:4)
  A hound (D:3)
  4 orc wizards
  An orc priest (D:4)
  A bullfrog skeleton (D:4)
  An iguana (D:4)
  A worker ant (D:4)
  4 adders
  3 worms
  2 dart slugs
  4 leopard geckos
  20 orcs
  2 giant cockroaches
  4 goblins
  11 hobgoblins
  2 kobolds
  A quokka (D:3)
  6 bats
  5 frilled lizards
  2 jackal skeletons (D:4)
  6 rats
84 creatures vanquished.

Notes
Turn   | Place    | Note
-------+----------+-------------------------------------------
     0 | D:1      | buriedalive the Deep Elf Conjurer began the quest for the
                  | Orb.
     0 | D:1      | Reached XP level 1. HP: 10/10 MP: 6/6
   412 | D:1      | Reached XP level 2. HP: 15/15 MP: 2/8
   990 | D:2      | Found a basalt altar of Yredelemnul.
  1734 | D:2      | Reached XP level 3. HP: 19/19 MP: 7/10
  2390 | D:2      | Learned a level 2 spell: Searing Ray
  3122 | D:3      | Reached skill level 5 in Conjurations
  3141 | D:3      | Reached XP level 4. HP: 24/24 MP: 10/12
  3318 | D:3      | Found a hazy altar of Hepliaklqana.
  3451 | D:4      | Found Dew Tyare's Distillery.
  3595 | D:4      | Reached XP level 5. HP: 22/28 MP: 7/14
  3602 | D:4      | Found Xilausch's Assorted Antiques.
  3698 | D:4      | Found Vunuagru's Antique Weapon Shoppe.
  3795 | D:4      | Reached skill level 5 in Spellcasting
  4366 | D:3      | Reached skill level 5 in Dodging
  4366 | D:3      | Reached XP level 6. HP: 32/32 MP: 8/15
  4548 | D:3      | Found a white marble altar of Elyvilon.
  4551 | D:3      | Found a shadowy altar of Dithmenos.
  4836 | D:4      | Found an iron altar of Okawaru.
  5326 | D:4      | Found a shimmering blue altar of Sif Muna.
  5753 | D:4      | Found Baul's General Store.
  5803 | D:4      | Reached XP level 7. HP: 36/36 MP: 13/16
  6039 | D:5      | Entered Level 5 of the Dungeon
  6088 | D:5      | Found a sacrificial altar of Ru.
  6120 | D:5      | Shot with an arrow by a centaur

Illustrated notes

Levels and vault maps discovered:
D:1:      erik_arrival_triangle_small, layout_basic
D:2:      layout_basic, lemuel_altar_in_water
D:3:      layout_rooms, nzn_hepliaklqana_mist_gate, minitemple
D:4:      layout_loops_corners, led_sif_pool, serial_shops, shop,
          kennysheep_little_box, nicolae_shop_waterfront, nicolae_shop_stone,
          kennysheep_okawaru_gauntlet
D:5:      layout_basic, lemuel_round_altar, serial_shops, shop,
          nicolae_shop_statue_plus, shop_fountains, nicolae_shop_behind_doors,
          nicolae_ru_sacrificial_ziggurat

Skill      XL: |  1  2  3  4  5  6 |
---------------+-------------------+-----
Dodging        | 3 4 5 6 |  6.2
Spellcasting   | 4 5 |  5.0
Conjurations   | 5 6 |  6.9
Stealth        | |  2.4

Action                   |  1- 3 |  4- 6 |  7- 9 || total
-------------------------+-------+-------+-------++-------
Melee: Dagger            |    18 |    20 |       ||    38
       Short sword       |       |    15 |       ||    15
 Cast: Magic Dart        |    57 |    32 |       ||    89
       Searing Ray       |     9 |    27 |     2 ||    38
  Use: Potion            |     1 |       |       ||     1
       Scroll            |       |       |     8 ||     8
 Stab: Sleeping          |     1 |     2 |       ||     3
Armor: Robe              |    13 |    15 |       ||    28
Dodge: Dodged            |    40 |    45 |     1 ||    86
